 Dungeon Crawl Stone Soup version 0.29.0-4-gdea44cf6ec (webtiles) character file.

Game seed: 3227961174093240927

6073 qw the Severer (level 10, -9/91 HPs)
             Began as a Minotaur Berserker on Sept 9, 2022.
             Was an Elder of Trog.
             Mangled by a troll (10 damage)
             ... on level 10 of the Dungeon.
             The game lasted 00:03:06 (10354 turns).

qw the Severer (Minotaur Berserker)                Turns: 10354, Time: 00:03:06

Health: -9/91      AC: 15    Str: 26    XL:     10   Next: 57%
Magic:  9/9        EV:  8    Int:  4    God:    Trog [****..]
Gold:   633        SH:  0    Dex: 10    Spells: 9/9 levels left

rFire   . . .      SeeInvis .   Y - +0 war axe
rCold   + . .      Faith    .   (no shield)
rNeg    . . .      Spirit   .   h - +0 plate armour
rPois   +          Reflect  .   (helmet restricted)
rElec   .          Harm     .   f - +0 cloak
rCorr   .          Rampage  .   k - +0 pair of gloves
Will    .....                   (no boots)
Stlth   ..........              (no amulet)
HPRegen 0.25/turn               n - ring of protection from cold
MPRegen 0.11/turn               j - ring of poison resistance

@: about to teleport, on berserk cooldown, slowed, very slow
A: horns 2, retaliatory headbutt
a: Renounce Religion, Berserk, Trog's Hand, Brothers in Arms


You were on level 10 of the Dungeon.
You worshipped Trog.
Trog was greatly pleased with you.
You visited 1 branch of the dungeon, and saw 10 of its levels.

You collected 633 gold pieces.


Innate Abilities, Weirdness & Mutations

You have a pair of horns on your head.
You reflexively headbutt those who attack you in melee.


   Skills:
 - Level 9.4 Fighting
 - Level 15.1 Axes
 - Level 3.3 Throwing
 + Level 7.1 Armour
 - Level 3.0 Dodging


You had 9 spell levels left.
You didn't know any spells.
Your spell library was empty.

Inventory:

Hand Weapons
 p - a +0 flail
 Y - a +0 war axe (weapon)
Missiles
 t - a javelin (quivered)
Armour
 f - a +0 cloak (worn)
 h - a +0 plate armour (worn)
 k - a +0 pair of gloves (worn)
 m - a +0 chain mail of fire resistance
Jewellery
 g - a ring of willpower
 j - a ring of poison resistance (right hand)
 l - a ring of willpower
 n - a ring of protection from cold (left hand)
 q - a ring of resist corrosion
Scrolls
 c - a scroll of teleportation
 e - a scroll of identify
Potions
 a - 7 potions of heal wounds
 d - 3 potions of haste
 i - 5 potions of curing
 o - a potion of might
 r - a potion of degeneration {unknown}
 s - a potion of magic {unknown}

Dungeon Overview and Level Annotations

Branches:
Dungeon (10/15)            Temple (0/1) D:5
   Lair: D:8-11         Orc: D:9-12

Altars:
Dithmenos
Kikubaaqudgha
Sif Muna
Vehumet

Shops:
D:1 *   D:8 (


Message History

You slice the boulder beetle!! You headbutt the boulder beetle.
The boulder beetle is severely wounded.
You hit the steam dragon.
The boulder beetle leaps!
The steam dragon bites you but does no damage.
The steam dragon claws you but does no damage.
You barely miss the steam dragon. Your headbutt misses the steam dragon.
The steam dragon is heavily wounded.
You barely miss the steam dragon. Your headbutt misses the steam dragon.
The steam dragon is heavily wounded.
The boulder beetle curls into a ball and begins rolling!
The steam dragon bites you. The steam dragon barely misses you.
You slice the steam dragon!!
You kill the steam dragon!
Trog accepts your kill.
The steam dragon scales are intact enough to wear.
Your Dodging skill increases to level 3!
The boulder beetle hits you!!
The boulder beetle stops rolling and uncurls.
You hit the boulder beetle.
The boulder beetle is severely wounded.
You slash the troll! You slash the boulder beetle!
You headbutt the boulder beetle, but do no damage.
The boulder beetle is almost dead.
You barely miss the troll. The troll bites you!
The troll closely misses you. x2
The boulder beetle bites you!
You hit the boulder beetle but do no damage.
The boulder beetle is almost dead.
You closely miss the troll.
You are no longer berserk.
You are exhausted.
You feel yourself slow down. The troll bites you but does no damage.
The troll claws you. x2; The boulder beetle leaps!
10354 ||| READING 2 scrolls of teleportation.
As you read the scroll of teleportation, it crumbles to dust.
You feel strangely unstable. The troll bites you. The troll claws you!
You die...

...# . #.# #..###
.#.. .....# ..?#
###. )..#.##
#..##.... ).....##
#.......
...##..####...#
...###.......# ###
...# ######..#77.77
#..# ##..#70@)7#
.#.#######...#.#T#.#
...##.......(#.#.#.#
####..###.#..#.#.#.#
#.#..#.#.#.#
..#..#.#.#.# ##
#....#)#..
#..#.#.#.# #..#.#
#.#


You could see a troll.

Vanquished Creatures
  A two-headed ogre (D:10)
  3 skeletal warriors (D:10)
  3 yaks (D:6)
  A wyvern (D:8)
  A steam dragon (D:10)
  An acid dragon (D:9)
  A sky beast (D:5)
  Duvessa (D:5)
  4 orc warriors
  A black bear (D:8)
  3 ice beasts
  2 ogres
  3 centaurs
  A phantom (D:8)
  4 kobold brigands
  A bullfrog (D:6)
  A necrophage (D:7)
  A scorpion (D:7)
  Dowan (D:5)
  A killer bee (D:10)
  A howler monkey (D:4)
  A jelly (D:7)
  10 orc priests
  2 gnoll boudas
  4 iguanas
  12 orc wizards
  7 gnolls
  6 adders
  A white imp (D:5)
  An ufetubus (D:6)
  2 dart slugs
  26 orcs
  10 bats
  A bat zombie (D:7)
  2 endoplasms (D:2)
  2 giant cockroaches
  7 goblins
  8 hobgoblins
  13 jackals
  21 kobolds
  4 quokkas
  11 ball pythons
  2 frilled lizards
  4 rats (D:2)
  2 rat zombies (D:7)
195 creatures vanquished.

Vanquished Creatures (others)
  3 plants (D:1)
3 creatures vanquished.

Grand Total: 198 creatures vanquished

Notes
Turn   | Place    | Note
-------+----------+-------------------------------------------
     0 | D:1      | qw the Minotaur Berserker began the quest for the Orb.
     0 | D:1      | Reached XP level 1. HP: 19/19 MP: 0/0
     0 | D:1      | 0 ||| qw: Version: 0.1-a-113-g051387a
     0 | D:1      | 0 ||| qw: Game counter: 7302
     0 | D:1      | 0 ||| qw: Always use a shield: true
     0 | D:1      | 0 ||| qw: Do Orc after D:15 true
     0 | D:1      | 0 ||| qw: Do second Lair branch before Depths: true
     0 | D:1      | 0 ||| qw: Lair rune preference: random
     0 | D:1      | 0 ||| qw: Plans: Normal
     0 | D:1      | 0 ||| PLANNING D:1-11
     5 | D:1      | 5 ||| Stepping ~*~*~tactically~*~*~ (stealth).
     7 | D:1      | 7 ||| Stepping ~*~*~tactically~*~*~ (stealth).
    15 | D:1      | Reached skill level 4 in Axes
    31 | D:1      | 31 ||| Stepping ~*~*~tactically~*~*~ (stealth).
    32 | D:1      | 32 ||| Stepping ~*~*~tactically~*~*~ (stealth).
    42 | D:1      | Reached XP level 2. HP: 25/26 MP: 1/1
   264 | D:1      | 264 ||| INVOKING Berserk.
   516 | D:1      | 516 ||| Stepping ~*~*~tactically~*~*~ (hiding).
   558 | D:1      | Reached skill level 5 in Axes
   660 | D:1      | Found Guuj's General Store.
   884 | D:1      | 884 ||| UPGRADING to +0 leather armour.
   894 | D:1      | 894 ||| DROPPING +0 animal skin.
   895 | D:1      | 895 ||| READING scroll labelled FYZEHEHAMY.
   896 | D:1      | 896 ||| READING scroll labelled HIEPAZEALU.
   957 | D:2      | 957 ||| Stepping ~*~*~tactically~*~*~ (stealth).
   960 | D:2      | Reached XP level 3. HP: 31/31 MP: 2/2
   970 | D:2      | 970 ||| Stepping ~*~*~tactically~*~*~ (stealth).
   973 | D:2      | 973 ||| Stepping ~*~*~tactically~*~*~ (stealth).
   998 | D:2      | Reached ** piety under Trog
  1210 | D:2      | 1210 ||| FLEEEEING.
  1211 | D:2      | 1211 ||| FLEEEEING.
  1220 | D:2      | 1220 ||| FLEEEEING.
  1224 | D:2      | 1224 ||| FLEEEEING.
  1225 | D:2      | 1225 ||| FLEEEEING.
  1226 | D:2      | 1226 ||| FLEEEEING.
  1227 | D:2      | 1227 ||| FLEEEEING.
  1232 | D:2      | 1232 ||| FLEEEEING.
  1233 | D:2      | 1233 ||| FLEEEEING.
  1234 | D:2      | 1234 ||| FLEEEEING.
  1235 | D:2      | 1235 ||| FLEEEEING.
  1236 | D:2      | 1236 ||| FLEEEEING.
  1244 | D:2      | 1244 ||| FLEEEEING.
  1245 | D:2      | 1245 ||| FLEEEEING.
  1266 | D:2      | 1266 ||| FLEEEEING.
  1267 | D:2      | 1267 ||| FLEEEEING.
  1270 | D:2      | 1270 ||| FLEEEEING.
  1281 | D:2      | 1281 ||| FLEEEEING.
  1282 | D:2      | 1282 ||| FLEEEEING.
  1283 | D:2      | 1283 ||| FLEEEEING.
  1284 | D:2      | 1284 ||| FLEEEEING.
  1511 | D:2      | Found a faded altar of an unknown god.
  1543 | D:2      | Identified the +6 whip of Sovir {vorpal, rC- Int+5}
  1545 | D:2      | 1545 ||| DROPPING +0 club.
  1820 | D:2      | 1820 ||| UPGRADING to +0 ring mail.
  1830 | D:2      | 1830 ||| DROPPING +0 leather armour.
  1831 | D:2      | 1831 ||| UPGRADING to +0 plate armour.
  1841 | D:2      | 1841 ||| DROPPING +0 ring mail.
  1842 | D:2      | 1842 ||| READING scroll labelled KIDYGYBUQYU.
  1843 | D:2      | 1843 ||| READING 2 scrolls labelled XUODIQUKHLE.
  1844 | D:2      | 1844 ||| READING scroll labelled LIRAOMM GEZUC.
  1845 | D:2      | 1845 ||| READING 2 scrolls of identify.
  1845 | D:2      | 1845 ||| IDENTIFYING amethyst potion
  1846 | D:2      | 1846 ||| DROPPING potion of flight.
  1847 | D:2      | 1847 ||| DROPPING scroll of magic mapping.
  1848 | D:2      | 1848 ||| READING scroll of teleportation.
  1976 | D:3      | Reached XP level 4. HP: 39/39 MP: 3/3
  2001 | D:3      | Reached skill level 6 in Axes
  2572 | D:3      | 2572 ||| DROPPING +0 chain mail of willpower.
  2573 | D:3      | 2573 ||| UPGRADING to +0 cloak.
  2578 | D:3      | 2578 ||| UPGRADING to ring of willpower.
  2579 | D:3      | 2579 ||| UPGRADING to ring of willpower.
  2580 | D:3      | 2580 ||| READING scroll labelled DOVEDESONK.
  2581 | D:3      | 2581 ||| DRINKING 2 fizzy blue potions.
  2582 | D:3      | 2582 ||| READING 3 scrolls of identify.
  2582 | D:3      | 2582 ||| IDENTIFYING ruby potion
  2583 | D:3      | 2583 ||| READING 2 scrolls of identify.
  2583 | D:3      | 2583 ||| IDENTIFYING grey potion
  2584 | D:3      | 2584 ||| DROPPING potion of lignification.
  2609 | D:4      | 2609 ||| STAIRDANCE
  2672 | D:4      | 2672 ||| Stepping ~*~*~tactically~*~*~ (stealth).
  2680 | D:4      | 2680 ||| Stepping ~*~*~tactically~*~*~ (stealth).
  2683 | D:4      | 2683 ||| Stepping ~*~*~tactically~*~*~ (stealth).
  2684 | D:4      | 2684 ||| Stepping ~*~*~tactically~*~*~ (stealth).
  2697 | D:4      | 2697 ||| Stepping ~*~*~tactically~*~*~ (stealth).
  2708 | D:4      | 2708 ||| Stepping ~*~*~tactically~*~*~ (stealth).
  2721 | D:4      | 2721 ||| SWAPPING to +0 war axe.
  2722 | D:4      | 2722 ||| DROPPING +0 hand axe.
  2735 | D:4      | 2735 ||| Stepping ~*~*~tactically~*~*~ (hiding).
  2737 | D:4      | 2737 ||| Stepping ~*~*~tactically~*~*~ (stealth).
  2738 | D:4      | 2738 ||| Stepping ~*~*~tactically~*~*~ (hiding).
  2903 | D:4      | Reached *** piety under Trog
  3066 | D:4      | 3066 ||| Stepping ~*~*~tactically~*~*~ (stealth).
  3075 | D:4      | Reached skill level 7 in Axes
  3075 | D:4      | Reached XP level 5. HP: 40/45 MP: 4/4
  3103 | D:4      | 3103 ||| Stepping ~*~*~tactically~*~*~ (stealth).
  3104 | D:4      | 3104 ||| Stepping ~*~*~tactically~*~*~ (stealth).
  3105 | D:4      | 3105 ||| Stepping ~*~*~tactically~*~*~ (stealth).
  3371 | D:4      | 3371 ||| INVOKING Berserk.
  3375 | D:4      | Reached skill level 1 in Throwing
  3430 | D:4      | 3430 ||| DROPPING +6 whip of Sovir {vorpal, rC- Int+5}.
  3613 | D:4      | 3613 ||| UPGRADING to ring of poison resistance.
  3615 | D:4      | 3615 ||| READING scroll labelled KOINEH VYEVE.
  3616 | D:4      | 3616 ||| READING scroll labelled SOHIELLECLY.
  3750 | D:4      | 3750 ||| DRINKING 2 purple potions.
  3751 | D:4      | 3751 ||| READING 2 scrolls of identify.
  3751 | D:4      | 3751 ||| IDENTIFYING fizzy red potion
  3780 | D:5      | Entered Level 5 of the Dungeon
  3822 | D:5      | Noticed Duvessa
  3824 | D:5      | Noticed Dowan
  3825 | D:5      | 3825 ||| Stepping ~*~*~tactically~*~*~ (stealth).
  3827 | D:5      | 3827 ||| Stepping ~*~*~tactically~*~*~ (hiding).
  3828 | D:5      | 3828 ||| INVOKING Berserk.
  3834 | D:5      | Killed Duvessa
  3835 | D:5      | Reached XP level 6. HP: 51/51 MP: 5/5
  3843 | D:5      | 3843 ||| Stepping ~*~*~tactically~*~*~ (hiding).
  3847 | D:5      | 3847 ||| Stepping ~*~*~tactically~*~*~ (hiding).
  3850 | D:5      | Killed Dowan
  4068 | D:5      | 4068 ||| Stepping ~*~*~tactically~*~*~ (hiding).
  4270 | D:5      | 4270 ||| Stepping ~*~*~tactically~*~*~ (hiding).
  4276 | D:5      | 4276 ||| INVOKING Berserk.
  4278 | D:5      | Noticed an ice beast
  4285 | D:5      | Reached skill level 8 in Axes
  4291 | D:5      | Killed an ice beast
  4292 | D:5      | Reached XP level 7. HP: 59/59 MP: 6/6
  4387 | D:5      | Found a staircase to the Ecumenical Temple.
  4597 | D:5      | 4597 ||| INVOKING Berserk.
  4599 | D:5      | Reached skill level 9 in Axes
  4616 | D:5      | HP: 10/60 [orc priest/divine providence (12)]
  4617 | D:5      | 4617 ||| READING 2 scrolls of teleportation.
  4618 | D:5      | 4618 ||| DRINKING 2 potions of heal wounds.
  4647 | D:5      | 4647 ||| Stepping ~*~*~tactically~*~*~ (stealth).
  4648 | D:5      | 4648 ||| Stepping ~*~*~tactically~*~*~ (stealth).
  4683 | D:5      | 4683 ||| FLEEEEING.
  4684 | D:5      | 4684 ||| FLEEEEING.
  4809 | D:5      | 4809 ||| INVOKING Berserk.
  5115 | D:5      | 5115 ||| UPGRADING to +0 pair of gloves.
  5146 | D:6      | 5146 ||| STAIRDANCE
  5303 | D:6      | Noticed a yak
  5304 | D:6      | Noticed a yak
  5305 | D:6      | 5305 ||| Stepping ~*~*~tactically~*~*~ (stealth).
  5306 | D:6      | 5306 ||| Stepping ~*~*~tactically~*~*~ (stealth).
  5308 | D:6      | 5308 ||| Stepping ~*~*~tactically~*~*~ (stealth).
  5314 | D:6      | 5314 ||| Stepping ~*~*~tactically~*~*~ (stealth).
  5317 | D:6      | Noticed a yak
  5318 | D:6      | Killed a yak
  5319 | D:6      | Reached skill level 10 in Axes
  5319 | D:6      | Reached XP level 8. HP: 41/68 MP: 7/7
  5325 | D:6      | 5325 ||| INVOKING Berserk.
  5327 | D:6      | Reached skill level 6 in Fighting
  5529 | D:6      | 5529 ||| INVOKING Berserk.
  5551 | D:6      | Reached **** piety under Trog
  5705 | D:6      | Reached skill level 11 in Axes
  5940 | D:6      | Identified the +9 flail of Death {drain, *Rage rElec rF+
                  | Int+3 Stlth+}
  5942 | D:6      | 5942 ||| DROPPING +9 flail of Death {drain, *Rage rElec rF+
                  | Int+3 Stlth+}.
  6375 | D:6      | 6375 ||| UPGRADING to ring of protection from cold.
  6377 | D:6      | 6377 ||| READING 2 scrolls of identify.
  6377 | D:6      | 6377 ||| IDENTIFYING bubbling grey potion
  6378 | D:6      | 6378 ||| DROPPING potion of brilliance.
  6395 | D:7      | 6395 ||| INVOKING Berserk.
  6418 | D:7      | 6418 ||| FLEEEEING.
  6420 | D:7      | 6420 ||| STAIRDANCE
  6524 | D:7      | Found Vameikla's Magic Scroll Shop.
  6531 | D:7      | 6531 ||| DRINKING 4 potions of curing.
  6531 | D:7      | 6531 ||| (to cure confusion)
  6543 | D:7      | Reached skill level 12 in Axes
  6556 | D:7      | Reached skill level 6 in Armour
  6754 | D:7      | Reached XP level 9. HP: 71/77 MP: 8/8
  6800 | D:7      | 6800 ||| Stepping ~*~*~tactically~*~*~ (stealth).
  6804 | D:7      | 6804 ||| Stepping ~*~*~tactically~*~*~ (hiding).
  6805 | D:7      | 6805 ||| Stepping ~*~*~tactically~*~*~ (hiding).
  6806 | D:7      | 6806 ||| Stepping ~*~*~tactically~*~*~ (hiding).
  6807 | D:7      | 6807 ||| INVOKING Berserk.
  6928 | D:7      | 6928 ||| INVOKING Berserk.
  7154 | D:7      | 7154 ||| INVOKING Berserk.
  7347 | D:7      | You fall into a shaft and drop 2 floors!
  7349 | D:9      | 7349 ||| READING scroll labelled TERIDI ANLIERO.
  7381 | D:8      | 7381 ||| Stepping ~*~*~tactically~*~*~ (stealth).
  7385 | D:8      | 7385 ||| Stepping ~*~*~tactically~*~*~ (stealth).
  7685 | D:8      | 7685 ||| READING 3 scrolls of identify.
  7685 | D:8      | 7685 ||| IDENTIFYING smoky puce potion
  7686 | D:8      | 7686 ||| DROPPING potion of attraction.
  7785 | D:7      | Found a radiant altar of Vehumet.
  7872 | D:7      | Found an ancient bone altar of Kikubaaqudgha.
  8003 | D:8      | 8003 ||| Stepping ~*~*~tactically~*~*~ (hiding).
  8005 | D:8      | 8005 ||| INVOKING Berserk.
  8014 | D:8      | Reached skill level 13 in Axes
  8188 | D:8      | Found a shimmering blue altar of Sif Muna.
  8302 | D:8      | 8302 ||| INVOKING Berserk.
  8548 | D:8      | Found a shadowy altar of Dithmenos.
  8551 | D:8      | 8551 ||| INVOKING Berserk.
  8556 | D:8      | Reached skill level 3 in Throwing
  8826 | D:8      | Found Jadgholo's Weapon Shoppe.
  8843 | D:8      | 8843 ||| DROPPING +6 ring of intelligence.
  8882 | D:9      | 8882 ||| Stepping ~*~*~tactically~*~*~ (stealth).
  8884 | D:9      | 8884 ||| Stepping ~*~*~tactically~*~*~ (hiding).
  8886 | D:9      | 8886 ||| Stepping ~*~*~tactically~*~*~ (hiding).
  8909 | D:9      | 8909 ||| Stepping ~*~*~tactically~*~*~ (hiding).
  8913 | D:9      | 8913 ||| INVOKING Berserk.
  9261 | D:9      | Found the +7 Throatcutter {drain, coup de grace}
  9356 | D:9      | 9356 ||| INVOKING Berserk.
  9733 | D:9      | 9733 ||| Stepping ~*~*~tactically~*~*~ (stealth).
  9737 | D:9      | 9737 ||| Stepping ~*~*~tactically~*~*~ (stealth).
  9741 | D:9      | 9741 ||| Stepping ~*~*~tactically~*~*~ (stealth).
  9743 | D:9      | 9743 ||| Stepping ~*~*~tactically~*~*~ (stealth).
  9841 | D:9      | 9841 ||| READING 2 scrolls of identify.
  9841 | D:9      | 9841 ||| IDENTIFYING lumpy sapphire potion
  9842 | D:9      | 9842 ||| DROPPING potion of berserk rage.
  9859 | D:10     | Entered Level 10 of the Dungeon
  9868 | D:10     | Noticed a skeletal warrior
  9869 | D:10     | 9869 ||| Stepping ~*~*~tactically~*~*~ (hiding).
  9874 | D:10     | 9874 ||| INVOKING Berserk.
  9881 | D:10     | Noticed a skeletal warrior
  9888 | D:10     | Killed a skeletal warrior
  9889 | D:10     | Reached skill level 14 in Axes
  9889 | D:10     | Reached XP level 10. HP: 45/88 MP: 9/9
  9890 | D:10     | HP: 29/132 [skeletal warrior/+0 hand axe (16)]
  9896 | D:10     | Killed a skeletal warrior
 10180 | D:10     | Noticed a skeletal warrior
 10181 | D:10     | 10181 ||| Stepping ~*~*~tactically~*~*~ (hiding).
 10184 | D:10     | 10184 ||| INVOKING Berserk.
 10189 | D:10     | Killed a skeletal warrior
 10190 | D:10     | Reached skill level 15 in Axes
 10328 | D:10     | Noticed a two-headed ogre
 10328 | D:10     | Noticed a boulder beetle
 10329 | D:10     | 10329 ||| Stepping ~*~*~tactically~*~*~ (hiding).
 10330 | D:10     | 10330 ||| INVOKING Berserk.
 10336 | D:10     | Killed a two-headed ogre
 10337 | D:10     | Reached skill level 9 in Fighting
 10350 | D:10     | Reached skill level 3 in Dodging
 10352 | D:10     | HP: 30/136 [troll (7)]
 10353 | D:10     | HP: 9/91 [troll (4)]
 10354 | D:10     | 10354 ||| READING 2 scrolls of teleportation.
 10354 | D:10     | HP: 1/91 [troll (5)]
 10354 | D:10     | Mangled by a troll

Levels and vault maps discovered:
D:1:      roderic_crossed_star, layout_basic, serial_shops,
          nicolae_shop_statue_plus, serial_forest, infiniplex_forest_lined_2,
          infiniplex_forest_end_1, infiniplex_forest_clump_curved,
          infiniplex_forest_straight_2, infiniplex_forest_fountain,
          infiniplex_forest_clump_diagonal
D:2:      layout_basic, dreamdust_ecumenical_altar_statues
D:3:      layout_basic
D:4:      layout_basic, corner_web_ring
D:5:      layout_loops_ring, minmay_temple_entry_slanted,
          kennysheep_generic_room_13, uniq_duvessa
D:6:      layout_basic
D:7:      layout_cave_pools, lemuel_zombie_altar_kikubaaqudgha,
          lemuel_coloured_pillars_altar, serial_shops, shop
D:8:      layout_gridville, kennysheep_mini_moat, grunt_dithmenos_shadows,
          serial_shops, kennysheep_little_box
D:9:      cheibrodos_iron_armory, layout_irregular_city
D:10:     nzn_winding_woodlands_cross [nzn_winding_woodlands_5x15_longhouse,
          nzn_winding_woodlands_5x15_sawtooth,
          nzn_winding_woodlands_5x15_pathside_ponds,
          nzn_winding_woodlands_5x15_sidewinder,
          nzn_winding_woodlands_15x15_thick_spiral], layout_rooms, minitemple,
          erik_lair_dragon, hangedman_decor_opposing

Skill      XL: |  1  2  3  4  5  6  7  8  9 10 |
---------------+-------------------------------+-----
Axes           | 4 5 7 8 10 12 14 15 | 15.1
Throwing       | 1 3 |  3.3
Armour         | 4 6 7 |  7.1
Fighting       | 4 5 6 8 9 |  9.4
Dodging        | 3 |  3.0

Action                   |  1- 3 |  4- 6 |  7- 9 | 10-12 || total
-------------------------+-------+-------+-------+-------++-------
Melee: Hand axe          |   126 |    27 |       |       ||   153
       Headbutt          |    12 |    14 |    43 |     9 ||    78
       Punch             |     2 |       |     6 |     1 ||     9
       War axe           |       |    73 |   238 |    40 ||   351
Throw: Boomerang         |     6 |    23 |    30 |       ||    59
       Javelin           |       |       |    14 |       ||    14
Invok: Berserk           |     1 |     3 |    14 |     2 ||    20
  Use: Scroll            |     7 |     6 |     5 |     1 ||    19
       Potion            |       |     2 |     2 |       ||     4
Armor: Animal skin       |     8 |       |       |       ||     8
       Leather armour    |    25 |       |       |       ||    25
       Plate armour      |     7 |    73 |   105 |    13 ||   198
Dodge: Dodged            |    81 |    21 |    63 |     8 ||   173

Table legend:
 A = Non-vault XP
 B = Vault XP
 C = Vault XP percentage of total XP
 D = Non-vault monster count
 E = Vault monster count
 F = Vault count percentage of total count
                 A         B        C        D         E       F
            +---------+---------+-------+---------+---------+-------
      Total |    7153 |    1523 |  17.6 |     185 |      10 |   5.1
            +---------+---------+-------+---------+---------+-------
        D:1 |      39 |       0 |   0.0 |      21 |       0 |   0.0
        D:2 |      50 |       0 |   0.0 |      32 |       0 |   0.0
        D:3 |      13 |       0 |   0.0 |       8 |       0 |   0.0
        D:4 |     162 |       0 |   0.0 |      25 |       0 |   0.0
        D:5 |     707 |     321 |  31.2 |      17 |       3 |  15.0
        D:6 |    1114 |       0 |   0.0 |      14 |       0 |   0.0
        D:7 |     839 |       4 |   0.5 |      22 |       3 |  12.0
        D:8 |    1068 |     109 |   9.3 |      16 |       1 |   5.9
        D:9 |     716 |       0 |   0.0 |      23 |       0 |   0.0
       D:10 |    2445 |    1089 |  30.8 |       7 |       3 |  30.0
            +---------+---------+-------+---------+---------+-------
